 Dungeon Crawl Stone Soup version 0.26-a0-540-g8a0c9464d7 (webtiles) character file.

Game seed: 3500336614978224974

95 SatoMori the Chopper (level 4, -8/41 HPs)
             Began as a Gnoll Chaos Knight on Aug 22, 2020.
             Was a Plaything of Xom.
             Killed from afar by Sigmund the storm dragon (glowing shapeshifter) (32 damage)
             ... with a bolt of lightning
             ... on level 3 of the Dungeon.
             The game lasted 00:03:05 (2355 turns).

SatoMori the Chopper (Gnoll Chaos Knight)           Turns: 2355, Time: 00:03:06

Health: -8/41      AC: 13    Str: 15    XL:     4   Next: 66%
Magic:  5/5        EV:  8    Int: 14    God:    Xom [..*...]
Gold:   172        SH:  0    Dex: 15    Spells: 5/5 levels left

rFire    . . .     SeeInvis .   a - +0 hand axe (chaos)
rCold    . . .     Faith    .   (no shield)
rNeg     . . .     Spirit   .   i - +0 chain mail
rPois    .         Reflect  .   (no helmet)
rElec    .         Harm     .   (no cloak)
rCorr    .                      (no gloves)
MR       .....                  (no boots)
Stlth    ..........             (no amulet)
HPRegen  0.13/turn              h - +4 ring of protection
MPRegen  0.09/turn              (no ring)

@: no status effects
A: distributed training, fangs 1, strong nose
a: Renounce Religion


You were on level 3 of the Dungeon.
You worshipped Xom.
You were a toy of Xom.
You visited 1 branch of the dungeon, and saw 3 of its levels.

You collected 172 gold pieces.

Inventory:

Hand Weapons
 a - a +0 hand axe of chaos (weapon)
 j - a +0 hunting sling
Missiles
 c - 137 stones (quivered)
 e - 20 arrows
 r - 2 javelins
Armour
 b - a +2 leather armour
 i - a +0 chain mail (worn)
Jewellery
 h - a +4 ring of protection (left hand)
 m - an uncursed ring of protection from fire {unknown}
Scrolls
 g - 8 scrolls of identify {unknown}
 k - 2 scrolls of teleportation {unknown}
 n - a scroll of enchant armour {unknown}
Potions
 d - 2 potions of might {unknown}
 f - a potion of curing
 o - a potion of invisibility {unknown}
 p - a potion of lignification {unknown}
 q - a potion of heal wounds {unknown}


   Skills:
 + Level 6.6 Fighting
 + Level 1.2 Short Blades
 + Level 1.2 Long Blades
 + Level 6.6 Axes
 + Level 1.2 Maces & Flails
 + Level 1.2 Polearms
 + Level 1.2 Staves
 + Level 1.2 Slings
 + Level 1.2 Bows
 + Level 1.2 Crossbows
 + Level 1.2 Throwing
 + Level 4.6 Armour
 + Level 2.8 Dodging
 + Level 1.2 Stealth
 + Level 1.2 Shields
 + Level 1.2 Unarmed Combat
 + Level 1.2 Spellcasting
 + Level 1.0 Conjurations
 + Level 1.0 Hexes
 + Level 1.0 Summonings
 + Level 1.0 Necromancy
 + Level 1.0 Translocations
 + Level 1.0 Transmutations
 + Level 1.0 Fire Magic
 + Level 1.0 Ice Magic
 + Level 1.0 Air Magic
 + Level 1.0 Earth Magic
 + Level 1.0 Poison Magic
 + Level 1.3 Invocations
 + Level 1.2 Evocations


You had 5 spell levels left.
You didn't know any spells.
Your spell library was empty.

Dungeon Overview and Level Annotations

Branches:
Dungeon (3/15)

Altars:
Cheibriados

Annotations:
D:3 Sigmund


Innate Abilities, Weirdness & Mutations

Your experience applies equally to all skills.
You have very sharp teeth.
Your uncanny sense of smell can sniff out nearby items.


Message History

Found a faded altar of an unknown god.
You hit Sigmund but do no damage.
Sigmund is moving more slowly.
You hit Sigmund but do no damage. You bite Sigmund, but do no damage.
Sigmund bites you! Sigmund claws you but does no damage. Sigmund tramples you.
You stumble backwards!
Sigmund bites you. Sigmund claws you but does no damage.
Sigmund tramples you but does no damage.
You hit Sigmund but do no damage. You bite Sigmund, but do no damage.
Sigmund barely misses you. Sigmund claws you. Sigmund completely misses you.
You hit Sigmund but do no damage. Sigmund closely misses you.
Sigmund barely misses you. Sigmund closely misses you.
You catch Sigmund completely off-guard!
You hit Sigmund. You bite Sigmund, but do no damage.
Sigmund is lightly wounded.
Xom grants you insight.
You detect items!
Sigmund breathes lightning at you. The bolt of lightning hits you!!
Ouch! That really hurt!
You die...
Xom chortles!

. ∆ . #.. . ###.# #
♣♣♣ .# ∆...# # ♣._
♣♣♣ ..∆ #.### ♣.♣..♣
♣. ##.... ∆ ♣♣♣♣D♣
♣. #..... ∆ ♣..@.♣♣♣
♣.####.##..
♣♣(♣♣♣.♣♣♣♣.........
♣....♣.♣♣......##.#
♣♣♣♣♣♣.♣♣...#####.#
♣..♣.♣♣.#### #))
♣......# #..
......##..# #.. ∆
####.. #..# ##.. ##.
#..# ##...


You could see Sigmund the storm dragon shaped shifter (petrifying, catching
breath).

Vanquished Creatures
  A gnoll (D:1)
  2 adders
  3 dart slugs
  A leopard gecko (D:1)
  4 orcs
  A ball python (D:1)
  3 bats (D:1)
  4 giant cockroaches
  7 goblins
  6 hobgoblins
  5 jackals (D:2)
  2 frilled lizards
  8 kobolds
  6 rats
53 creatures vanquished.

Notes
Turn   | Place    | Note
-------+----------+-------------------------------------------
     0 | D:1      | SatoMori the Gnoll Chaos Knight began the quest for the
                  | Orb.
     0 | D:1      | Reached XP level 1. HP: 23/23 MP: 1/1
   133 | D:1      | XOM: silly message
   157 | D:1      | Reached XP level 2. HP: 29/29 MP: 2/2
   159 | D:1      | XOM: silly message
   187 | D:1      | Reached XP level 3. HP: 26/35 MP: 3/3
   551 | D:1      | XOM: divination: detect items
   769 | D:1      | Reached skill level 1 in Invocations
   948 | D:1      | XOM: divination: detect creatures
  1185 | D:2      | Reached skill level 1 in Short Blades
  1185 | D:2      | Reached skill level 1 in Long Blades
  1185 | D:2      | Reached skill level 1 in Maces & Flails
  1185 | D:2      | Reached skill level 1 in Polearms
  1185 | D:2      | Reached skill level 1 in Staves
  1185 | D:2      | Reached skill level 1 in Slings
  1185 | D:2      | Reached skill level 1 in Bows
  1185 | D:2      | Reached skill level 1 in Crossbows
  1185 | D:2      | Reached skill level 1 in Throwing
  1185 | D:2      | Reached skill level 1 in Stealth
  1185 | D:2      | Reached skill level 1 in Shields
  1185 | D:2      | Reached skill level 1 in Unarmed Combat
  1185 | D:2      | Reached skill level 1 in Spellcasting
  1185 | D:2      | Reached skill level 1 in Evocations
  1185 | D:2      | Reached XP level 4. HP: 41/41 MP: 5/5
  1266 | D:2      | XOM: silly message
  1594 | D:2      | XOM: divination: magic mapping
  1838 | D:2      | Found a snail-covered altar of Cheibriados.
  1846 | D:2      | XOM: silly message
  1921 | D:2      | XOM: divination: detect items
  2107 | D:3      | Reached skill level 1 in Conjurations
  2107 | D:3      | Reached skill level 1 in Hexes
  2107 | D:3      | Reached skill level 1 in Summonings
  2107 | D:3      | Reached skill level 1 in Necromancy
  2107 | D:3      | Reached skill level 1 in Translocations
  2107 | D:3      | Reached skill level 1 in Transmutations
  2107 | D:3      | Reached skill level 1 in Fire Magic
  2107 | D:3      | Reached skill level 1 in Ice Magic
  2107 | D:3      | Reached skill level 1 in Air Magic
  2107 | D:3      | Reached skill level 1 in Earth Magic
  2107 | D:3      | Reached skill level 1 in Poison Magic
  2179 | D:3      | Noticed Sigmund
  2201 | D:3      | Noticed Sigmund
  2201 | D:3      | Noticed Sigmund
  2201 | D:3      | Sigmund the glowing shapeshifter changed into Sigmund the
                  | shock serpent
  2202 | D:3      | Noticed Sigmund
  2202 | D:3      | Sigmund the shock serpent changed into Sigmund the deep
                  | troll
  2205 | D:3      | XOM: 1-stop teleportation journey
  2348 | D:3      | Noticed Sigmund
  2349 | D:3      | Noticed Sigmund
  2349 | D:3      | Sigmund the iron troll changed into Sigmund the sphinx
  2350 | D:3      | Found a faded altar of an unknown god.
  2350 | D:3      | Noticed Sigmund
  2350 | D:3      | Sigmund the sphinx changed into Sigmund the storm dragon
  2355 | D:3      | XOM: divination: detect items
  2355 | D:3      | Killed from afar by Sigmund the storm dragon (glowing
                  | shapeshifter)

Illustrated notes

Levels and vault maps discovered:
D:1:      eino_arrival_cavern_a, layout_loops_ring, minmay_misc_feat_iff
D:2:      layout_basic, lemuel_doored_altar, hangedman_abyss_or_decor_stabs,
          minmay_liquid_box
D:3:      layout_loops_ring, chequers_ecumenical_altar_grove, uniq_sigmund,
          uniq_grinder

Skill      XL: |  1  2  3  4 |
---------------+-------------+-----
Invocations    | 1 |  1.3
Short Blades   | 1 |  1.2
Long Blades    | 1 |  1.2
Maces & Flails | 1 |  1.2
Polearms       | 1 |  1.2
Staves         | 1 |  1.2
Slings         | 1 |  1.2
Bows           | 1 |  1.2
Crossbows      | 1 |  1.2
Throwing       | 1 |  1.2
Stealth        | 1 |  1.2
Shields        | 1 |  1.2
Unarmed Combat | 1 |  1.2
Spellcasting   | 1 |  1.2
Evocations     | 1 |  1.2
Conjurations   | 1 |  1.0
Hexes          | 1 |  1.0
Summonings     | 1 |  1.0
Necromancy     | 1 |  1.0
Translocations | 1 |  1.0
Transmutations | 1 |  1.0
Fire Magic     | 1 |  1.0
Ice Magic      | 1 |  1.0
Air Magic      | 1 |  1.0
Earth Magic    | 1 |  1.0
Poison Magic   | 1 |  1.0
Fighting       | |  6.6
Axes           | |  6.6
Armour         | |  4.6
Dodging        | |  2.8

Action                   |  1- 3 |  4- 6 || total
-------------------------+-------+-------++-------
Melee: Hand axe          |   101 |    66 ||   167
       Bite              |     6 |     9 ||    15
       Punch             |       |     1 ||     1
  Use: Potion            |       |     2 ||     2
 Stab: Sleeping          |     2 |       ||     2
       Petrifying        |       |     1 ||     1
Armor: Leather armour    |    27 |       ||    27
       Chain mail        |    11 |    34 ||    45
Dodge: Dodged            |    47 |    22 ||    69

Table legend: (Time is in decaauts)
 A = Elapsed time spent in this place.
 B = Non-inter-level travel time spent in this place.
 C = Inter-level travel time spent in this place.
 D = Time resting spent in this place.
 E = Time spent auto-exploring this place.
 F = Levels seen in this place.
 G = Mean time per level.
                   A        B        C        D        E       F      G
               +--------+--------+--------+--------+--------+-----+--------+
         Total |   2351 |   2304 |     47 |      0 |   1899 |   3 |  783.7 |
       Dungeon |   2351 |   2304 |     47 |      0 |   1899 |   3 |  783.7 |
               +--------+--------+--------+--------+--------+-----+--------+

Top non-repeatable levels by time:
     D:2: 1045 daAuts
     D:1: 950 daAuts
     D:3: 355 daAuts
